 Dungeon Crawl Stone Soup version 0.27.0-1-g7a089689b8 (webtiles) character file.

Game seed: 7437730026479994516

65 Descartes the Sneak (level 4, -1/27 HPs)
             Began as an Octopode Hedge Wizard on Aug 14, 2021.
             Killed from afar by Sigmund (4 damage)
             ... with a magic dart
             ... on level 2 of the Dungeon.
             The game lasted 00:04:59 (2828 turns).

Descartes the Sneak (Octopode Hedge Wizard)         Turns: 2828, Time: 00:05:00

Health: -1/27      AC:  1    Str: 10    XL:     4   Next: 13%
Magic:  9/9        EV: 28    Int: 16    God:
Gold:   94         SH:  0    Dex: 11    Spells: 9/10 levels left

rFire    . . .     SeeInvis .   a - +0 rapier
rCold    . . .     Faith    .   (no shield)
rNeg     . . .     Spirit   .   b - +0 hat
rPois    .         Reflect  .   k - amulet of the acrobat
rElec    .         Harm     .   (no ring)
rCorr    .         Rampage  .   (no ring)
Will     .....                  (no ring)
Stlth    +++.......             (no ring)
HPRegen  0.09/turn              (no ring)
MPRegen  0.11/turn              (no ring)
                                (no ring)
                                (no ring)

@: acrobatic
A: almost no armour, amphibious, 8 rings, camouflage 1, gelatinous body 1,
(nimble swimmer 1), tentacles
a: no special abilities


You were on level 2 of the Dungeon.
You visited 1 branch of the dungeon, and saw 2 of its levels.

You collected 94 gold pieces.

Inventory:

Hand Weapons
 a - a +0 rapier (weapon)
Missiles
 c - 20 stones
 f - 7 javelins
 h - 20 bolts
 j - 10 poisoned darts (quivered)
Armour
 b - a +0 hat (worn)
Jewellery
 k - an amulet of the acrobat (around mantle)
 l - a ring of resist corrosion
Scrolls
 d - 2 scrolls of immolation {unknown}
 e - a scroll of noise {unknown}
 g - a scroll of amnesia {unknown}
 i - a scroll of teleportation {unknown}


   Skills:
 - Level 2.0 Dodging
 + Level 4.1 Stealth
 + Level 3.5 Spellcasting
 + Level 2.3 Conjurations
 - Level 1.0 Summonings
 - Level 1.0 Translocations


You had 9 spell levels left.
You knew the following spells:

 Your Spells              Type           Power      Damage    Failure   Level
a - Magic Dart            Conj           40%        1d5       7%          1

Your spell library contained the following spells:

 Spells                   Type           Power      Damage    Failure   Level
 Animate Skeleton         Necr           4%         N/A       19%         1
 Freeze                   Ice            8%         1d3       19%         1
 Pain                     Necr           8%         1d4       19%         1
 Blink                    Tloc           N/A        N/A       19%         2
 Call Imp                 Summ           6%         N/A       19%         2
 Slow                     Hex            2%         N/A       26%         2
 Conjure Flame            Conj/Fire      6%         6-21      32%         3
 Mephitic Cloud           Conj/Pois/Air  5%         N/A       36%         3
 Frozen Ramparts          Ice            4%         1d2       47%         3
 Vampiric Draining        Necr           1%         2d6       47%         3
 Hailstorm                Conj/Ice       6%         3d4       73%         4


Dungeon Overview and Level Annotations

Branches:
Dungeon (2/15)

Altars:
The Shining One

Annotations:
D:2 Sigmund


Innate Abilities, Weirdness & Mutations

You cannot wear most types of armour.
You are amphibious.
You can wear up to eight rings at the same time.
Your skin changes colour to match your surroundings (Stealth+).
Your rubbery body absorbs attacks. (AC +1, EV +1)
((You are camouflaged near water. (Stealth+)))
You have tentacles for arms and can constrict up to eight enemies at once.


Message History

You now have 94 gold pieces (gained 17).
Found a stone staircase leading up.
You aren't carrying any potions.
Sigmund the Dreaded comes into view.
He is wielding a +0 scythe.
The helpless Sigmund fails to defend himself.
You puncture Sigmund! You grab Sigmund.
Sigmund is moderately wounded.
You constrict Sigmund, but do no damage.
Sigmund casts a spell.
Sigmund flickers and vanishes!
Deactivating autopickup; reactivate with Ctrl-A.
Something barely misses you.
No target in view!
No target in view!
No target in view!
No target in view!
You barely miss something. You constrict something. Something hits you!
You barely miss something. You constrict something. Something hits you!
* * * LOW HITPOINT WARNING * * *
You release your grip on something.
Something closely misses you.
You hear some strange, mumbled words.
Something tries to affect you, but you resist.
You hear some strange, mumbled words.
You are confused.
Something closely misses you. Something barely misses you.
You hear some strange, mumbled words.
Something tries to affect you, but you resist.
You feel less confused. Something closely misses you.
You hear some strange, mumbled words.
Something tries to affect you, but you resist.
Sigmund appears from thin air!
Reactivating autopickup.
Sigmund casts a spell at you. The magic dart hits you.
* * * LOW HITPOINT WARNING * * *
Sigmund gestures at you while chanting. The magic dart hits you.
You die...

#.......####. #####.##.....
#.......##.. #.##.#..#...
#.##.#..#... #.##.÷...... #####
#.####......
#####...####.####.####.
####.....@......@....# #.
#...<..#...###..###### #.
##.##.#.##.####..# #.
#.....#.##.##)...# #.
#.....#.##.##.##.# #.
###..♣♣.#.##.##.##.# #.
#####..PP♣P............♣ #.
.......P♣♣.......##.#♣♣♣♣♣P♣♣###.
.###..P♣.........##.......PP♣....


You could see Sigmund.

Vanquished Creatures
  An adder (D:2)
  2 worms (D:2)
  A dart slug (D:1)
  3 bats (D:1)
  5 endoplasms (D:1)
  2 giant cockroaches
  3 goblins
  3 hobgoblins (D:1)
  4 jackals (D:1)
  4 quokkas
  6 ball pythons
  2 frilled lizards (D:1)
  2 kobolds (D:1)
  7 rats
45 creatures vanquished.

Vanquished Creatures (others)
  7 plants
7 creatures vanquished.

Grand Total: 52 creatures vanquished

Notes
Turn   | Place    | Note
-------+----------+-------------------------------------------
     0 | D:1      | Descartes the Octopode Hedge Wizard began the quest for the
                  | Orb.
     0 | D:1      | Reached XP level 1. HP: 11/11 MP: 4/4
   337 | D:1      | Reached skill level 3 in Stealth
   337 | D:1      | Reached XP level 2. HP: 12/17 MP: 1/6
  1065 | D:1      | Reached XP level 3. HP: 21/21 MP: 3/7
  2032 | D:2      | Found a faded altar of an unknown god.
  2040 | D:2      | Became a worshipper of the Shining One
  2040 | D:2      | Reached * piety under the Shining One
  2041 | D:2      | Fell from the grace of the Shining One
  2082 | D:2      | Reached skill level 4 in Stealth
  2229 | D:2      | Reached XP level 4. HP: 27/27 MP: 2/9
  2785 | D:2      | Noticed Sigmund
  2828 | D:2      | Killed from afar by Sigmund

Illustrated notes

Levels and vault maps discovered:
D:1:      minmay_arrival_four_houses, layout_loops_ring,
          amcnicky_mini_rare_corridor_liquid, serial_bayou_crossing
D:2:      layout_loops_cross, shapermc_ecumenical_altar_flowoftime,
          serial_forest, infiniplex_forest_lined_2, infiniplex_forest_zigzag_1,
          infiniplex_forest_end_double, infiniplex_forest_clump_diagonal,
          infiniplex_forest_corner_1, infiniplex_forest_clump_long,
          infiniplex_forest_clump_small, uniq_sigmund

Skill      XL: |  1  2  3 |
---------------+----------+-----
Stealth        | 3 4 |  4.1
Conjurations   | 2 |  2.3
Dodging        | |  2.0
Spellcasting   | |  3.5
Summonings     | |  1.0
Translocations | |  1.0

Action                   |  1- 3 |  4- 6 || total
-------------------------+-------+-------++-------
Melee: Dagger            |    16 |       ||    16
       Tentacles         |     6 |     1 ||     7
       Constrict         |     7 |     1 ||     8
       Rapier            |    12 |     5 ||    17
 Cast: Magic Dart        |    98 |     6 ||   104
Invok: Renounce Religion |     1 |       ||     1
 Stab: Sleeping          |     1 |     1 ||     2
Armor: Skin              |     3 |       ||     3
Dodge: Dodged            |    22 |     5 ||    27
